 Dungeon Crawl Stone Soup version 0.30.0-19-gbf45117a57 (webtiles) character file.

Game seed: 14808133048631513446

23 qw the Shield-Bearer (level 3, 0/23 HPs)
             Began as a Gargoyle Fighter on May 25, 2023.
             Constricted to death by Robin (3 damage)
             ... on level 2 of the Dungeon.
             The game lasted 00:00:23 (613 turns).

qw the Shield-Bearer (Gargoyle Fighter)              Turns: 613, Time: 00:00:24

Health: 0/23       AC: 10    Str: 21    XL:     3   Next: 0%
Magic:  3/3        EV:  6    Int:  8    God:
Gold:   92         SH:  4    Dex:  9    Spells: 2/2 levels left

rFire   . . .        Y - +0 war axe
rCold   . . .        c - +0 buckler
rNeg    + . .        b - +0 scale mail
rPois   inf          (no helmet)
rElec   +            (no cloak)
rCorr   .            (no gloves)
SInv    .            (no boots)
Will    .....        (no amulet) Stlth
                     (no ring)
HPRegen 0.23/turn    (no ring)
MPRegen 0.08/turn

%: no passive effects
@: grasped by roots, constricted
A: sickness immunity, AC +3, negative energy resistance 1, electricity
resistance, torment resistance 1, petrification resistance
a: no special abilities


You were on level 2 of the Dungeon.
You visited 1 branch of the dungeon, and saw 2 of its levels.

You collected 92 gold pieces.


Innate Abilities, Weirdness & Mutations

You are immune to sickness and miasma.
Your stone body is resilient. (AC +3)
You are immune to poison.
You resist negative energy. (rN+)
You are resistant to electric shocks. (rElec)
You are resistant to unholy torment.
You are immune to petrification.


   Skills:
 - Level 3.2 Fighting
 + Level 3.0 Axes
 - Level 3.2 Armour
 - Level 3.2 Shields


You had 2 spell levels left.
You didn't know any spells.
Your spell library was empty.

Inventory:

Hand Weapons
 Y - a +0 war axe (weapon)
Armour
 b - a +0 scale mail (worn)
 c - a +0 buckler (worn)
Jewellery
 e - a ring of ice
Potions
 d - a potion of might
 f - a potion of resistance {unknown}
 i - a potion of haste {unknown}
 j - a potion of degeneration {unknown}

Dungeon Overview and Level Annotations

Branches:
Dungeon (2/15)

Altars:

Annotations:
D:2 Robin


Message History

Robin roars a battlecry!
The goblins go into a battle-frenzy!
The goblin hits you but does no damage.
You slash the hobgoblin!
You kill the hobgoblin!
You hit the goblin. x2
The goblin hits you with a +0 club. The goblin hits you but does no damage.
You hit the goblin.
The goblin is almost dead.
You closely miss the goblin. You hit the goblin.
The goblin hits you but does no damage. x2
The goblin hits you with a +0 dagger.
You hit the goblin.
You kill the goblin!
You barely miss the goblin. x2
You feel a little less clever now. Robin throws the goblin at you!
The goblin hits you with a +0 club.
The goblin barely misses you. x3; You block the goblin's attack.
You have reached level 3!
Your experience leads to an increase in your attributes!
Increase (S)trength, (I)ntelligence, or (D)exterity?
You feel stronger. x2
You barely miss the goblin.
The goblin is heavily wounded.
You closely miss the goblin. You hit the hobgoblin.
You closely miss the goblin. The goblin hits you but does no damage.
The goblin hits you with a +0 club. You block the hobgoblin's attack.
The goblin hits you with a +0 dagger.
You slash the hobgoblin!
You kill the hobgoblin!
You miss the goblin. You hit the goblin. You closely miss the goblin.
You slash the goblin!
You kill the goblin!
The goblin closely misses you.
Robin zaps a wand.
The roots erupt in riotous growth!
The grasping roots grab you!
The goblin is unaffected. x4; The grasping roots constrict you.
The goblin hits you with a +0 dagger.
The goblin hits you but does no damage. x2
The goblin hits you with a +0 club. You block the goblin's attack.
Robin throws the goblin at you! The grasping roots constrict you.
You die...

..##### ##
....... ..#
....... ..
....... ..
.......##.
.......g.
......g)###
#gg@g.#
#.#gg.#
#........
#.######.#
#. .. # ##


You could see Robin, a hobgoblin (strong) and 5 goblins.

Vanquished Creatures
  A ball python (D:1)
  A bat (D:1)
  2 endoplasms (D:1)
  4 goblins
  4 hobgoblins
  3 kobolds (D:1)
  2 quokkas (D:1)
  3 frilled lizards (D:1)
  4 rats (D:1)
24 creatures vanquished.

Notes
Turn   | Place    | Note
-------+----------+-------------------------------------------
     0 | D:1      | qw the Gargoyle Fighter began the quest for the Orb.
     0 | D:1      | Reached XP level 1. HP: 14/14 MP: 1/1
     0 | D:1      | 0 ||| qw: Version: 0.2-a-98-g5d7165a
     0 | D:1      | 0 ||| qw: Game counter: 97
     0 | D:1      | 0 ||| qw: Always use a shield: true
     0 | D:1      | 0 ||| qw: God list: Okawaru
     0 | D:1      | 0 ||| qw: Allow faded altars: false
     0 | D:1      | 0 ||| qw: Do Orc after D:15 true
     0 | D:1      | 0 ||| qw: Do second Lair branch before Depths: true
     0 | D:1      | 0 ||| qw: Lair rune preference: random
     0 | D:1      | 0 ||| qw: Plans: Normal, Zot:1-4, God:TSO, Crypt, Tomb,
                  | Pan, Slime:5, Hells, Abyss, Win
     0 | D:1      | 0 ||| PLANNING D:1-11
   100 | D:1      | Reached XP level 2. HP: 19/19 MP: 2/2
   298 | D:1      | 298 ||| Stepping ~*~*~tactically~*~*~ (hiding).
   299 | D:1      | 299 ||| Stepping ~*~*~tactically~*~*~ (hiding).
   300 | D:1      | 300 ||| Stepping ~*~*~tactically~*~*~ (hiding).
   463 | D:1      | Reached skill level 3 in Axes
   570 | D:1      | 570 ||| READING scroll labelled FOYKKUHUYSK.
   571 | D:1      | 571 ||| READING scroll labelled FORCHI HYRHI.
   572 | D:1      | 572 ||| READING scroll labelled XUXTAVITIT.
   573 | D:1      | 573 ||| DRINKING 2 white potions.
   574 | D:1      | 574 ||| DROPPING potion of brilliance.
   607 | D:2      | Noticed Robin
   612 | D:2      | Reached XP level 3. HP: 14/23 MP: 3/3
   613 | D:2      | HP: 3/23 [goblin/+0 club[Robin] (5)]
   613 | D:2      | Constricted to death by Robin

Levels and vault maps discovered:
D:1:      kennysheep_arrival_seaside, layout_rooms,
          hangedman_decor_diamond_cutter, serial_bayou_pond_a
D:2:      layout_basic, uniq_sigmund, uniq_robin

Skill      XL: |  1  2 |
---------------+-------+-----
Axes           | 2 3 |  3.0
Fighting       | |  3.2
Armour         | |  3.2
Shields        | |  3.2

Action                     || total
---------------------------++-------
  Melee: War axe           ||    51
    Use: Scroll            ||     3
         Potion            ||     1
 Armour: Scale mail        ||    28
  Dodge: Dodged            ||    15
  Block: Buckler           ||    10

Table legend:
 A = Non-vault XP
 B = Vault XP
 C = Vault XP percentage of total XP
 D = Non-vault monster count
 E = Vault monster count
 F = Vault count percentage of total count
                 A         B        C        D         E       F
            +---------+---------+-------+---------+---------+-------
      Total |      30 |       8 |  21.1 |      20 |       4 |  16.7
            +---------+---------+-------+---------+---------+-------
        D:1 |      30 |       0 |   0.0 |      20 |       0 |   0.0
        D:2 |       0 |       8 | 100.0 |       0 |       4 | 100.0
            +---------+---------+-------+---------+---------+-------
